 Seeded DCSS version 0.30.1-3-gfc49f6343a (webtiles) character file.

Game seed: 6351066067085065685 (custom seed)

55 Esekla the Grave Robber (level 3, -5/19 HPs)
             Began as a Deep Elf Necromancer on July 26, 2023.
             Was an Initiate of Vehumet.
             Slain by a gnoll
             ... wielding a +0 flail
              (6 damage)
             ... on level 2 of the Dungeon.
             The game lasted 00:09:56 (1299 turns).

Esekla the Grave Robber (Deep Elf Necromancer)      Turns: 1299, Time: 00:09:56

Health: -5/19      AC:  4    Str:  5    XL:     3   Next: 67%
Magic:  2/10       EV: 13    Int: 21    God:    Vehumet [......]
Gold:   115        SH:  0    Dex: 18    Spells: 5/9 levels left

rFire   . . .        o - +5 rapier of the Hero {heavy, rN+ Dex+3}
rCold   . . .        (no shield)
rNeg    + . .        a - +0 robe
rPois   .            l - +0 helmet
rElec   .            (no cloak)
rCorr   .            m - +0 pair of gloves
SInv    .            (no boots)
Will    .....        (no amulet)
Stlth   ++           (no ring)
HPRegen 0.23/turn    (no ring)
MPRegen 0.12/turn

%: no passive effects
@: no status effects
A: no striking features
a: Renounce Religion


You were on level 2 of the Dungeon.
You worshipped Vehumet.
Vehumet was noncommittal.
You visited 1 branch of the dungeon, and saw 4 of its levels.

You collected 115 gold pieces.

Inventory:

Hand Weapons
 o - the +5 rapier of the Hero (weapon) {heavy, rN+ Dex+3}
   (You found it on level 3 of the Dungeon)

   Dex:       It affects your dexterity (+3).
   rN:        It protects you from negative energy.
 r - a +0 spear
Armour
 a - a +0 robe (worn)
 l - a +0 helmet (worn)
 m - a +0 pair of gloves (worn)
Scrolls
 e - a scroll of fear {unknown}
 f - a scroll of identify {unknown}
 i - a scroll of enchant armour {unknown}
 n - a scroll of immolation {unknown}
 p - a scroll of fog {unknown}
 s - a scroll of blinking {unknown}
Potions
 b - a potion of magic
 c - a potion of haste {unknown}
 d - a potion of ambrosia {unknown}
 g - 2 potions of attraction {unknown}
 h - a potion of heal wounds {unknown}
 j - 2 potions of curing {unknown}
 k - a potion of mutation {unknown}
 q - 2 potions of brilliance {unknown}


   Skills:
 + Level 1.1 Short Blades
 * Level 3.2 Dodging
 + Level 2.7 Stealth
 * Level 3.7 Spellcasting
 * Level 5.3 Necromancy


You had 5 spell levels left.
You knew the following spells:

 Your Spells              Type           Power      Damage    Failure   Level
b - Necrotise             Necr           100%       1d9       1%          1
d - Vampiric Draining     Necr           26%        2d7       4%          3

Your spell library contained the following spells:

 Spells                   Type           Power      Damage    Failure   Level
 Animate Dead             Necr           26%        N/A       14%         4
 Lesser Beckoning         Tloc           6%         N/A       19%         2
 Gell's Gravitas          Tloc           3%         N/A       36%         3
 Teleport Other           Tloc           3%         N/A       36%         3
 Agony                    Necr           26%        N/A       36%         5


Dungeon Overview and Level Annotations

Branches:
Dungeon (4/15)
 Temple: D:4-7

Altars:
Okawaru
Vehumet
The Shining One

Shops:
D:2 =


Message History

Casting: Vampiric Draining (quite dangerous; 4% risk of failure)
Confirm with . or Enter, or press ? or * to list all spells.
The spell is quite dangerous to miscast (4% risk of failure)!
Continue anyway?
Aiming: Vampiric Draining (quite dangerous; 4% risk of failure)
Press: ? - help, Shift-Dir - straight line, f - gnoll
Aim: a gnoll, wielding a +0 club (lightly wounded)
You miscast Vampiric Draining.
You are very lightly contaminated with residual magic.
Nothing appears to happen.
The gnoll misses you.
Casting: Vampiric Draining (quite dangerous; 4% risk of failure)
Confirm with . or Enter, or press ? or * to list all spells.
The spell is quite dangerous to miscast (4% risk of failure)!
Continue anyway?
Aiming: Vampiric Draining (quite dangerous; 4% risk of failure)
Press: ? - help, Shift-Dir - straight line, f/p - gnoll
Aim: a gnoll, wielding a +0 club (lightly wounded)
You draw life force from the gnoll!
You feel life coursing into your body.
Casting: Vampiric Draining (quite dangerous; 4% risk of failure)
Confirm with . or Enter, or press ? or * to list all spells.
The spell is quite dangerous to miscast (4% risk of failure)!
Continue anyway?
Aiming: Vampiric Draining (quite dangerous; 4% risk of failure)
Press: ? - help, Shift-Dir - straight line, f - gnoll, p - gnoll
Aim: a gnoll, wielding a +0 flail You draw life force from the gnoll.
You feel life coursing into your body.
You hit the gnoll.
The gnoll is severely wounded.
The gnoll hits you with a +0 flail!
Ouch! That really hurt!
You closely miss the gnoll.
The gnoll is heavily wounded.
The gnoll barely misses you. x2
You hit the gnoll.
The gnoll is almost dead.
The gnoll hits you with a +0 flail!
* * * LOW HITPOINT WARNING * * *
The gnoll barely misses you.
Your magical contamination has completely faded away.
You barely miss the gnoll.
The gnoll is almost dead.
The gnoll hits you with a +0 flail.
You die...

#..#.# ##.### #..#####.
#..#.# #.......... #..# #.
#..#.###..####... ..∩# #.
#..#......# #..# #.# ##
#...†.....####..#### #.
#...................
######. ##.#####..........
#.....# #.#####.####..#
#.####. #.........@gg.# #.#
## #######.####..# #.# #
#.##....## #.# #
#######.##<....######.#####
#.h.....####^#....g........
#g####### #.#..#####)#####
#.# #.#..# #g# #.# #.#..#
#.#
#.##########....#####.##


You could see 2 gnolls.

Vanquished Creatures
  A gnoll (D:2)
  An adder (D:2)
  A dart slug (D:1)
  5 ball pythons (D:1)
  2 bats (D:1)
  3 endoplasms (D:1)
  6 goblins
  3 hobgoblins
  A quokka (D:1)
  3 frilled lizards
  4 kobolds
  A rat (D:1)
31 creatures vanquished.

Notes
Turn   | Place    | Note
-------+----------+-------------------------------------------
     0 | D:1      | Esekla the Deep Elf Necromancer began the quest for the
                  | Orb.
     0 | D:1      | Reached XP level 1. HP: 10/10 MP: 6/6
   139 | D:1      | Reached skill level 5 in Necromancy
   149 | D:1      | Reached XP level 2. HP: 10/15 MP: 8/8
   265 | D:2      | You fall into a shaft and drop 1 floor!
   421 | D:4      | Found a radiant altar of Vehumet.
   425 | D:4      | Became a worshipper of Vehumet
   436 | D:4      | Found an iron altar of Okawaru.
   574 | D:4      | Found a glowing golden altar of the Shining One.
   682 | D:3      | Identified the +5 rapier of the Hero {heavy, rN+ Dex+3}
   766 | D:2      | Found Renulab's Jewellery Shop.
   868 | D:2      | Noticed a black bear
   970 | D:1      | Reached XP level 3. HP: 19/19 MP: 10/10
   974 | D:1      | Learned a level 3 spell: Vampiric Draining
  1234 | D:2      | Reached skill level 1 in Short Blades
  1299 | D:2      | Slain by a gnoll

Illustrated notes

Levels and vault maps discovered:
D:1:      sevenhm_arrival_forest_fort_small_3, layout_rooms,
          chequers_serial_rivers_room_b, minmay_misc_feat_five
D:2:      layout_loops_ring, dreamdust_ecumenical_altar_angels_and_demons,
          serial_shops, shop
D:3:      layout_basic, grunt_temple_overflow_open, minmay_misc_feat_iff
D:4:      layout_basic, nicolae_overflow_quartered_altars, serial_shops,
          nicolae_diamond_shop

Skill      XL: |  1  2  3 |
---------------+----------+-----
Necromancy     | 5 |  5.3
Dodging        | 3 |  3.2
Short Blades   | 1 |  1.1
Stealth        | |  2.7
Spellcasting   | |  3.7

Action                     || total
---------------------------++-------
  Melee: Short sword       ||    54
         Unarmed           ||     9
         Rapier            ||    28
   Cast: Vampiric Draining ||     4
   Stab: Sleeping          ||     5
 Armour: Robe              ||    23
  Dodge: Dodged            ||    69
